 Dungeon Crawl Stone Soup version 0.31-a0-636-ge1c0e020e0 (webtiles) character file.

Game seed: 12971767799627089142

231 NotreDorf the Ducker (level 6, 0/48 HPs)
             Began as a Merfolk Gladiator on Aug 26, 2023.
             Slain by a gnoll
             ... wielding a +2 heavy flail
              (13 damage)
             ... on level 3 of the Dungeon on Aug 27, 2023.
             The game lasted 00:08:14 (1649 turns).

NotreDorf the Ducker (Merfolk Gladiator)            Turns: 1649, Time: 00:08:15

Health: 0/48       AC:  9    Str: 15    XL:     6   Next: 3%
Magic:  9/9        EV: 14    Int:  9    God:
Gold:   133        SH:  0    Dex: 15    Spells: 9/9 levels left

rFire   . . .        a - +0 trident
rCold   . . .        (no shield)
rNeg    . . .        b - +0 leather armour
rPois   .            c - +0 helmet
rElec   .            (no cloak)
rCorr   .            j - +0 pair of gloves
SInv    .            (no boots)
Will    .....        (no amulet)
Stlth   +            f - +4 ring of slaying
HPRegen 0.28/turn    k - +4 ring of protection
MPRegen 0.11/turn

%: no passive effects
@: no status effects
A: (nimble swimmer 2), mertail
a: no special abilities


You were on level 3 of the Dungeon.
You visited 1 branch of the dungeon, and saw 3 of its levels.

You collected 133 gold pieces.

Inventory:

Hand Weapons
 a - a +0 trident (weapon)
 p - a +0 halberd
Missiles
 d - 3 throwing nets (quivered)
 e - a javelin
Armour
 b - a +0 leather armour (worn)
 c - a +0 helmet (worn)
 j - a +0 pair of gloves (worn)
Jewellery
 f - a +4 ring of slaying (left hand)
 k - a +4 ring of protection (right hand)
 o - a ring of protection from cold
Scrolls
 g - a scroll of teleportation {unknown}
 h - 3 scrolls of identify {unknown}
 l - 2 scrolls of enchant weapon {unknown}
 n - a scroll of noise {unknown}
Potions
 i - a potion of lignification {unknown}


   Skills:
 + Level 3.8 Fighting
 + Level 5.5 Polearms
 - Level 2.0 Throwing
 + Level 5.5 Dodging
 + Level 2.3 Spellcasting


You had 9 spell levels left.
You didn't know any spells.
Your spell library contained the following spells:

 Spells                   Type           Power      Damage    Failure   Level
 Conjure Ball Lightning   Conj/Air       0%         3x3d6     100%        6
 Discord                  Hex            0%         N/A       100%        8
 Disjunction              Tloc           0%         N/A       100%        8


Dungeon Overview and Level Annotations

Branches:
Dungeon (3/15)

Altars:

Shops:
D:1 =


Innate Abilities, Weirdness & Mutations

((You are very nimble when in or above water. (Stealth+, EV+, Speed+++)))
Your lower body shifts to a powerful aquatic tail in water.


Message History

You closely miss the gnoll.
The gnoll is severely wounded.
The gnoll hits you with a +0 whip.
You hit the gnoll.
The gnoll is severely wounded.
The gnoll hits you with a +0 whip.
You hit the gnoll.
The gnoll is almost dead.
You puncture the gnoll!
You kill the gnoll!
You hit the gnoll.
The gnoll is lightly wounded.
The gnoll hits you with a +2 heavy flail.
An adder comes into view.
You barely miss the gnoll.
The gnoll is lightly wounded.
The adder hisses angrily.
The gnoll hits you but does no damage. The gnoll barely misses you.
You hit the gnoll.
The gnoll is heavily wounded.
The gnoll hits you with a +0 flail.
You closely miss the gnoll.
The gnoll is heavily wounded.
The gnoll completely misses you.
The gnoll hits you with a +2 heavy flail!
You closely miss the gnoll.
The gnoll is heavily wounded.
The gnoll hits you with a +0 flail.
* * * LOW HITPOINT WARNING * * *
The gnoll misses you. The adder misses you.
The adder attacks as it pursues you! The adder bites you.
* * * LOW HITPOINT WARNING * * *
You puncture the gnoll!
You kill the gnoll!
A bat comes into view.
The adder bites you but does no damage.
You have reached level 6!
You closely miss the adder. The adder barely misses you.
The gnoll hits you with a +2 heavy flail!
You die...

....## .... .....## #..#
......# #..# #
......#########b.## .#
.................. ..#
.................###...#
.................S.....#
......# #..@gg# .....##
#..##.# ....## ####..#
..# .#### #.....# #...
..### #####.##### #'''
....###........# ....#
........#...#### #.⌠.
##.##.##..### #.#
#.##.##.##


You could see 2 gnolls, an adder and a bat (wandering).

Vanquished Creatures
  2 orc wizards (D:3)
  6 adders
  6 gnolls
  4 dart slugs
  6 orcs (D:3)
  2 ball pythons
  6 bats
  6 endoplasms
  A giant cockroach (D:3)
  2 goblins
  A hobgoblin (D:1)
  2 jackals (D:3)
  9 kobolds
  3 quokkas
  4 rats
60 creatures vanquished.

Notes
Turn   | Place    | Note
-------+----------+-------------------------------------------
     0 | D:1      | NotreDorf the Merfolk Gladiator began the quest for the
                  | Orb.
     0 | D:1      | Reached XP level 1. HP: 16/16 MP: 1/1
   206 | D:1      | Reached XP level 2. HP: 20/23 MP: 2/2
   449 | D:1      | Found Fozxom's Jewellery Shop.
   668 | D:2      | Reached skill level 1 in Spellcasting
   668 | D:2      | Reached XP level 3. HP: 28/28 MP: 4/4
   876 | D:2      | Reached XP level 4. HP: 35/35 MP: 5/5
  1031 | D:2      | Reached skill level 5 in Polearms
  1033 | D:2      | Reached skill level 5 in Dodging
  1330 | D:3      | Reached XP level 5. HP: 41/41 MP: 7/7
  1649 | D:3      | Reached XP level 6. HP: 13/48 MP: 9/9
  1649 | D:3      | Slain by a gnoll

Illustrated notes

Levels and vault maps discovered:
D:1:      lightli_arrival_flooded_house, layout_loops_cross, serial_shops,
          nicolae_shop_peninsula
D:2:      layout_loops_ring
D:3:      layout_rooms, kennysheep_vampire_church, ebering_ghost_sewer_d,
          shapermc_ecumenical_altar_rom_forum

Skill      XL: |  1  2  3  4  5 |
---------------+----------------+-----
Spellcasting   | 1 2 |  2.3
Fighting       | 3 |  3.8
Polearms       | 5 |  5.5
Dodging        | 5 |  5.5
Throwing       | |  2.0

Action                     |  1- 3 |  4- 6 || total
---------------------------+-------+-------++-------
  Melee: Trident           |    67 |    94 ||   161
         Punch             |       |     2 ||     2
    Use: Potion            |       |     2 ||     2
   Stab: Sleeping          |     2 |     1 ||     3
 Armour: Leather armour    |    16 |    25 ||    41
  Dodge: Dodged            |    37 |    65 ||   102

Table legend: (Time is in decaauts)
 A = Elapsed time spent in this place.
 B = Non-inter-level travel time spent in this place.
 C = Inter-level travel time spent in this place.
 D = Time resting spent in this place.
 E = Time spent auto-exploring this place.
 F = Levels seen in this place.
 G = Mean time per level.
                   A        B        C        D        E       F      G
               +--------+--------+--------+--------+--------+-----+--------+
         Total |   1656 |   1562 |     94 |    110 |   1101 |   3 |  552.0 |
       Dungeon |   1656 |   1562 |     94 |    110 |   1101 |   3 |  552.0 |
               +--------+--------+--------+--------+--------+-----+--------+

Top non-repeatable levels by time:
     D:1: 660 daAuts
     D:2: 660 daAuts
     D:3: 335 daAuts
